 Dungeon Crawl Stone Soup version 0.27.1-34-g3ba077fa99 (webtiles) character file.

Game seed: 3462705112014476300

8479 pkoi the Grappler (level 11, -1/79 HPs)
             Began as a White Draconian Warper on Jan 27, 2022.
             Was a Believer of Sif Muna.
             Slain by a six-headed hydra (2 damage)
             ... on level 1 of the Lair of Beasts.
             The game lasted 00:19:42 (13441 turns).

pkoi the Grappler (White Draconian Warper)         Turns: 13441, Time: 00:19:43

Health: -1/79      AC: 15    Str: 13    XL:     11   Next: 10%
Magic:  0/20       EV: 12    Int: 18    God:    Sif Muna [**....]
Gold:   438        SH:  0    Dex: 10    Spells: 8/22 levels left

rFire    . . .     SeeInvis .     - Unarmed
rCold    + . .     Faith    .   (no shield)
rNeg     . . .     Spirit   +   (armour unavailable)
rPois    .         Reflect  .   (helmet restricted)
rElec    .         Harm     .   m - +0 cloak {rCorr}
rCorr    +         Rampage  .   (no gloves)
Will     .....                  (no boots)
Stlth    +.........             u - amulet of guardian spirit
HPRegen  0.23/turn              o - +4 ring of slaying
MPRegen  0.17/turn              p - +4 ring of slaying

@: ice-armoured, short of breath
A: breathe frost, AC +7, unfitting armour, cold resistance 1, cold-blooded
a: Breathe Frost, Renounce Religion, Channel Magic


You were on level 1 of the Lair of Beasts.
You worshipped Sif Muna.
Sif Muna was pleased with you.
You visited 3 branches of the dungeon, and saw 11 of its levels.

You collected 438 gold pieces.

Inventory:

Hand Weapons
 k - a +1 spear
Missiles
 b - 5 boomerangs of dispersal
 x - 2 boomerangs
 C - 27 poisoned darts (quivered)
Armour
 m - a +0 cloak of preservation (worn)
 s - a +1 buckler
Jewellery
 d - a ring of magical power
 o - a +4 ring of slaying (left hand)
 p - a +4 ring of slaying (right hand)
 r - a +4 ring of evasion
 u - an amulet of guardian spirit (around neck)
 D - a ring of willpower
Wands
 y - a wand of polymorph (7)
 A - a wand of charming (8)
 E - a wand of flame (23)
 F - a wand of iceblast (2)
Scrolls
 a - 2 scrolls of blinking
 c - a scroll of amnesia
 h - 3 scrolls of enchant armour
 t - a scroll of fear
 v - a scroll of teleportation
 B - 2 scrolls of identify
Potions
 e - 5 potions of lignification {unknown}
 f - 4 potions of curing
 g - 2 potions of haste
 i - 2 potions of cancellation
 j - 2 potions of ambrosia {unknown}
 l - 2 potions of magic {unknown}
 n - a potion of brilliance
 w - a potion of invisibility
 z - a potion of flight {unknown}


   Skills:
 - Level 2.1 Fighting
 - Level 0.8 Throwing
 - Level 2.1 Dodging
 + Level 11.2 Unarmed Combat
 + Level 6.1 Spellcasting
 - Level 1.8 Summonings
 + Level 10.6 Translocations
 - Level 6.0 Ice Magic


You had 8 spell levels left.
You knew the following spells:

 Your Spells              Type           Power      Damage    Failure   Level
a - Blink                 Tloc           N/A        N/A       1%          2
b - Gell's Gravitas       Tloc           21%        N/A       1%          3
c - Summon Small Mammal   Summ           48%        N/A       5%          1
d - Ozocubu's Armour      Ice            27%        N/A       3%          3
e - Manifold Assault      Tloc           43%        N/A       4%          5

Your spell library contained the following spells:

 Spells                   Type           Power      Damage    Failure   Level
 Lesser Beckoning         Tloc           21%        N/A       1%          3
 Teleport Other           Tloc           43%        N/A       1%          3
 Animate Skeleton         Necr           10%        N/A       12%         1
 Pain                     Necr           20%        1d5       12%         1
 Iskenderun's Mystic Bla  Conj/Tloc      24%        2d7       13%         4
 Call Canine Familiar     Summ           12%        N/A       17%         3
 Static Discharge         Conj/Air       5%         N/A       19%         2
 Summon Guardian Golem    Hex/Summ       8%         N/A       24%         3
 Dazzling Flash           Conj/Hex       10%        N/A       34%         3
 Vampiric Draining        Necr           2%         2d6       34%         3
 Metabolic Englaciation   Hex/Ice        8%         N/A       67%         5
 Fulminant Prism          Conj/Hex       2%         3d6       75%         4
 Lee's Rapid Deconstruct  Erth           2%         3d6*      97%         5
 Lightning Bolt           Conj/Air       2%         1d14      97%         5
 Simulacrum               Ice/Necr       8%         N/A       99%         6
 Starburst                Conj/Fire      2%         6d3       100%        6
 Borgnjor's Revivificati  Necr           2%         N/A       100%        8
 Maxwell's Capacitive Co  Air            2%         ∞         100%        8
 Necromutation            Tmut/Necr      2%         N/A       100%        8
 Death's Door             Necr           2%         N/A       100%        9


Dungeon Overview and Level Annotations

Branches:
Dungeon (9/15)             Temple (1/1) D:5            Lair (1/6) D:8
    Orc: D:9-12

Altars:
Ashenzari
Cheibriados
Dithmenos
Hepliaklqana
Makhleb
Nemelex Xobeh
Okawaru
Qazlal
Ru
Sif Muna
Trog
Uskayaw
Vehumet
Wu Jian
Xom
Zin
The Shining One

Shops:
D:5 ?*


Innate Abilities, Weirdness & Mutations

You can breathe waves of freezing cold which knock back foes.
Your icy white scales are hard. (AC +7)
You cannot fit into any form of body armour.
Your flesh is cold resistant. (rC+)
You are cold-blooded and may be slowed by cold attacks.


Message History

* * * LOW HITPOINT WARNING * * *
The six-headed hydra bites you.
* * * LOW HITPOINT WARNING * * *
You punch the six-headed hydra! x2
The six-headed hydra is heavily wounded.
The six-headed hydra misses you.
The six-headed hydra bites you but does no damage.
The six-headed hydra completely misses you.
The six-headed hydra bites you!
* * * LOW HITPOINT WARNING * * *
The six-headed hydra bites you but does no damage.
The six-headed hydra bites you.
* * * LOW HITPOINT WARNING * * *
You punch the six-headed hydra! You tail-slap the six-headed hydra.
The six-headed hydra is severely wounded.
The six-headed hydra bites you but does no damage.
The six-headed hydra misses you.
The six-headed hydra completely misses you.
The six-headed hydra bites you but does no damage.
The six-headed hydra barely misses you. x2
You hit the six-headed hydra.
The six-headed hydra is severely wounded.
Unknown command.
You hit the six-headed hydra.
The six-headed hydra is severely wounded.
The six-headed hydra misses you. The six-headed hydra bites you.
* * * LOW HITPOINT WARNING * * *
The six-headed hydra bites you but does no damage.
The six-headed hydra bites you!
* * * LOW HITPOINT WARNING * * *
The six-headed hydra bites you but does no damage. x2
Unknown command.
You punch the six-headed hydra!
The six-headed hydra is almost dead.
The six-headed hydra bites you but does no damage. x2
The six-headed hydra closely misses you.
The six-headed hydra bites you!
* * * LOW HITPOINT WARNING * * *
The six-headed hydra bites you.
You die...

#. #..... #. ..
... #.# ..... #..
.#.. .. ..#
#####Y#Y.#
####.#.##YY.####.
#......@DYYYY....
##.###.#####Y##..Y
#..# ### .#
##.##.#### ..
..### ##.........
.# .....
#...######. #
#.... ##..# #...8
#...# #.... ##
##..# #.8..


You could see a six-headed hydra and 8 yaks.

Vanquished Creatures
  A hydra (Lair:1)
  A death yak (D:8)
  2 centaur zombies
  Joseph (D:7)
  Maggie (D:7)
  4 cane toads (Lair:1)
  A rime drake (Lair:1)
  2 komodo dragons (Lair:1)
  Prince Ribbit (D:6)
  6 yaks (Lair:1)
  A wyvern (D:6)
  2 vampire mosquitoes (D:9)
  3 water moccasins
  An ice beast (D:5)
  An orc warrior (D:8)
  A sky beast (D:6)
  4 wolves (Lair:1)
  2 centaurs
  2 ogres (D:5)
  A kobold brigand (D:8)
  A phantom (D:5)
  A scorpion (D:4)
  3 bullfrogs
  A gnoll sergeant (D:8)
  A water moccasin zombie (D:6)
  2 water moccasin skeletons
  3 wights (D:6)
  4 howler monkeys
  4 bullfrog zombies
  4 hounds
  2 jellies
  3 orc priests
  Crazy Yiuf (D:7)
  3 iguanas
  3 orc wizards
  A howler monkey zombie (D:6)
  A howler monkey skeleton (D:4)
  9 gnolls
  7 adders
  A shadow imp (D:7)
  3 ufetubi
  4 worms
  3 dart slugs
  18 orcs
  8 ball pythons
  3 bats
  6 endoplasms
  4 hobgoblins
  4 jackals (D:4)
  5 quokkas
  A frilled lizard (D:2)
  4 goblins
  7 kobolds
  7 rats
170 creatures vanquished.

Vanquished Creatures (others)
  9 fungi
  9 plants (Lair:1)
18 creatures vanquished.

Grand Total: 188 creatures vanquished

Notes
Turn   | Place    | Note
-------+----------+-------------------------------------------
     0 | D:1      | pkoi the Draconian Warper began the quest for the Orb.
     0 | D:1      | Reached XP level 1. HP: 17/17 MP: 3/3
   467 | D:1      | Reached XP level 2. HP: 18/24 MP: 5/5
   663 | D:1      | Learned a level 2 spell: Blink
   743 | D:1      | Reached skill level 3 in Unarmed Combat
  1216 | D:1      | Found a faded altar of an unknown god.
  1580 | D:1      | Reached XP level 3. HP: 14/29 MP: 6/6
  1873 | D:2      | Reached skill level 4 in Unarmed Combat
  2059 | D:2      | Reached XP level 4. HP: 21/36 MP: 7/7
  2168 | D:2      | Learned a level 3 spell: Gell's Gravitas
  3332 | D:3      | Learned a level 1 spell: Summon Small Mammal
  3552 | D:3      | Reached XP level 5. HP: 41/41 MP: 8/8
  3950 | D:3      | Found a hazy altar of Hepliaklqana.
  3980 | D:3      | Found a snail-covered altar of Cheibriados.
  4587 | D:4      | Reached skill level 5 in Unarmed Combat
  4600 | D:4      | Reached skill level 1 in Summonings
  5793 | D:4      | Reached XP level 6. HP: 48/48 MP: 9/9
  5820 | D:5      | Entered Level 5 of the Dungeon
  5832 | D:5      | Found a radiant altar of Vehumet.
  5848 | D:5      | Found a staircase to the Ecumenical Temple.
  5862 | D:5      | Found Diekk's Overcharged Wands.
  5883 | Temple   | Entered the Ecumenical Temple
  6006 | Temple   | Became a worshipper of Sif Muna the Loreminder
  6171 | D:5      | Found Weecs's Magic Scroll Boutique.
  6432 | D:5      | Noticed an ice beast
  6494 | D:5      | Killed an ice beast
  6495 | D:5      | Reached skill level 6 in Unarmed Combat
  6747 | D:5      | Reached skill level 5 in Translocations
  6747 | D:5      | Your scales start taking on an icy white colour.
  6747 | D:5      | Reached XP level 7. HP: 41/55 MP: 10/10
  6747 | D:5      | Gained mutation: Your flesh is cold resistant. (rC+) [White
                  | Draconian growth]
  6828 | D:5      | Learned a level 3 spell: Ozocubu's Armour
  6946 | D:5      | Reached skill level 1 in Ice Magic
  7616 | D:6      | Reached XP level 8. HP: 40/61 MP: 12/12
  7626 | D:6      | Reached * piety under Sif Muna
  7627 | D:6      | Reached skill level 7 in Unarmed Combat
  8008 | D:6      | Found a bloodstained altar of Trog.
  8161 | D:6      | Found a burning altar of Makhleb.
  8161 | D:6      | Noticed a cacodemon
  8164 | D:6      | Noticed a hellwing
  8164 | D:6      | Noticed a hellwing
  8308 | D:7      | Noticed Prince Ribbit
  8331 | D:6      | Killed Prince Ribbit
  8332 | D:6      | Reached skill level 5 in Ice Magic
  8332 | D:6      | Reached XP level 9. HP: 44/67 MP: 10/15
  8501 | D:7      | Noticed Maggie
  8514 | D:7      | Killed Maggie
  8546 | D:6      | Reached skill level 8 in Unarmed Combat
  8548 | D:6      | Reached skill level 5 in Spellcasting
  9152 | D:7      | Learned a level 5 spell: Manifold Assault
  9320 | D:7      | Noticed Joseph
  9462 | D:7      | Found an ornate altar of the Wu Jian Council.
  9954 | D:8      | Noticed a death yak
  9987 | D:8      | Killed a death yak
 10246 | D:8      | Noticed a death yak
 10247 | D:8      | Noticed a death yak
 10255 | D:8      | Noticed a death yak
 10256 | D:8      | Noticed a death yak
 10765 | D:7      | Found a runed translucent door.
 10768 | D:7      | Noticed Crazy Yiuf
 10771 | D:7      | Killed Crazy Yiuf
 10892 | D:7      | Killed Joseph
 10893 | D:7      | Reached skill level 9 in Unarmed Combat
 11076 | D:8      | Noticed a death yak
 11225 | D:9      | Reached XP level 10. HP: 58/73 MP: 12/19
 11402 | D:8      | Found a staircase to the Lair.
 11424 | D:8      | Noticed a death yak
 11435 | D:8      | Noticed a death yak
 11437 | D:8      | Noticed a death yak
 12176 | Lair:1   | Entered Level 1 of the Lair of Beasts
 12337 | Lair:1   | Noticed a cane toad
 12350 | Lair:1   | Killed a cane toad
 12403 | Lair:1   | Noticed a four-headed hydra
 12409 | Lair:1   | Killed a four-headed hydra
 12410 | Lair:1   | Reached skill level 10 in Unarmed Combat
 12418 | Lair:1   | Noticed a cane toad
 12433 | Lair:1   | Killed a cane toad
 12470 | Lair:1   | Noticed a cane toad
 12482 | Lair:1   | Killed a cane toad
 12532 | Lair:1   | Reached skill level 10 in Translocations
 12660 | Lair:1   | Noticed a cane toad
 12677 | Lair:1   | Killed a cane toad
 12777 | Lair:1   | Reached ** piety under Sif Muna
 12998 | Lair:1   | Reached skill level 11 in Unarmed Combat
 13003 | Lair:1   | Reached XP level 11. HP: 65/79 MP: 15/20
 13419 | Lair:1   | Noticed a six-headed hydra
 13441 | Lair:1   | HP: 1/79 [six-headed hydra (10)]
 13441 | Lair:1   | Slain by a six-headed hydra

Illustrated notes

Levels and vault maps discovered:
D:1:      sevenhm_arrival_forest_fort_large_2, layout_basic, serial_forest,
          infiniplex_forest_diagonal, infiniplex_forest_straight_3,
          infiniplex_forest_lined_3_way, infiniplex_forest_lined_3,
          infiniplex_forest_lined_room_, infiniplex_forest_straight_1,
          infiniplex_forest_end_1, dreamdust_ecumenical_altar_sealed_demon,
          serial_bayou_pond_a
D:2:      layout_basic
D:3:      layout_loops_ring, general_overflow_altar, cheibriados_altar_1,
          mrwooster_statue_mirror, kennysheep_generic_room_4
D:4:      layout_cave_pods
D:5:      layout_basic, nicolae_overflow_crystal_walls,
          minmay_temple_entry_water_ring, serial_shops, shop, st_stairs_4,
          nicolae_shop_overcharged_wands
D:6:      layout_loops_ring, makhleb_altar_promises_db,
          mainiacjoe_overflow_chevrons
D:7:      layout_rooms, lemuel_doored_altar, uniq_crazy_yiuf_cottage,
          uniq_prince_ribbit1, uniq_maggie, uniq_joseph
D:8:      layout_loops_cross, mainiacjoe_overflow_alcove_1,
          mainiacjoe_overflow_big_doors, dpeg_lair_monsters
D:9:      layout_big_octagon, fedhas_ov_isle_minmay
Temple:   jpeg_temple_clearing
Lair:1:   layout_loops_ring, grunt_megastairs_4, infiniplex_staircase_pool

Skill      XL: |  1  2  3  4  5  6  7  8  9 10 |
---------------+-------------------------------+-----
Unarmed Combat | 3 4 5 6 7 9 11 | 11.2
Summonings     | 1 |  1.8
Translocations | 4 5 6 8 10 | 10.6
Ice Magic      | 2 5 6 |  6.0
Spellcasting   | 3 4 6 |  6.1
Fighting       | |  2.1
Throwing       | |  0.8
Dodging        | |  2.1

Action                   |  1- 3 |  4- 6 |  7- 9 | 10-12 || total
-------------------------+-------+-------+-------+-------++-------
Melee: Unarmed           |    70 |   138 |   209 |   159 ||   576
       Tailslap          |    10 |    13 |    21 |    15 ||    59
       Spear             |     3 |       |       |       ||     3
       Punch             |     1 |     1 |     5 |     7 ||    14
Throw: Dart              |       |       |       |     4 ||     4
 Cast: Ozocubu's Armour  |       |       |     8 |    12 ||    20
       Blink             |       |       |     1 |       ||     1
 Abil: Breathe Frost     |       |       |     6 |     3 ||     9
Evoke: Wand              |       |       |       |     3 ||     3
  Use: Scroll            |       |     8 |     5 |     2 ||    15
       Potion            |       |       |       |     3 ||     3
Armor: Skin              |    19 |    32 |    93 |    70 ||   214
Dodge: Dodged            |    38 |    67 |   157 |    92 ||   354
